[Event "26th Womens ECCC 2022"]
[Site "Mayrhofen"]
[Date "2022.10.03"]
[Round "1.20"]
[White "Konecny, Sophie"]
[Black "Trippold, Denise"]
[Result "0-1"]
[ECO "A45"]
[WhiteElo "1848"]
[BlackElo "2146"]
[Annotator "TA"]
[PlyCount "64"]
[EventDate "2022.10.03"]
[EventType "team-tourn"]
[EventCountry "AUT"]
[SourceTitle "playchess.com"]
[Source "ChessBase"]
[SourceQuality "1"]
[TimeControl "40/5400+30:1800+30"]

1. d4 Nf6 2. Nc3 d5 3. Bf4 a6 4. e3 e6 5. Nf3 c5 6. Ne5 {[%emt 0:04:53] D00: 1 d4 d5: Unusual lines.} Nc6 7. g4 ({White should try} 7. Nxc6 $11 bxc6 8. Qf3) 7... cxd4 $15 8. exd4 {[%emt 0:03:59] Black is slightly better.} Qb6 {[%emt 0:05:04] [#]} (8... Nxe5 $15 {might be stronger.} 9. Bxe5 Qa5) 9. Na4 $146 (9. Nxc6 $11 Qxc6 10. g5) ({Predecessor:} 9. Nxc6 bxc6 10. Na4 Qa7 11. Bg2 c5 12. g5 Ne4 13. Bxe4 dxe4 14. d5 exd5 15. Qxd5 {1-0 (21) Koelle,T (2340)-Sarkar,J (2360) Chess.com INT 2021}) 9... Qa5+ $1 ({Much less strong is} 9... Qxd4 10. Qxd4 Nxd4 11. O-O-O $16) 10. c3 Nxe5 11. dxe5 {[%emt 0:01:55] [#] Black converts the advantage convincingly.} (11. Bxe5 $15 Nd7 12. Bg3) 11... Nd7 $1 $19 {[%emt 0:06:47] aiming for ...b5.} ({Inferior is} 11... Nxg4 12. Qxg4 Qxa4 13. Bd3 $17) 12. Be3 (12. Qd4 {was called for.}) 12... b5 ({Don't take} 12... Nxe5 13. Bb6 Nf3+ 14. Ke2 Qb5+ 15. Kxf3 $18) 13. Nc5 Bxc5 14. Bxc5 (14. b4 {was the only defense.} Bxb4 15. cxb4 Qxb4+ 16. Qd2) 14... Nxc5 15. b4 Qa3 16. Rc1 Nd7 17. f4 Bb7 {[%emt 0:01:01] [#] And now ...d4 would win.} 18. Qd2 Rc8 {[%emt 0:03:27][%cal Od5d4] Strongly threatening ...d4!} 19. Bg2 a5 20. O-O axb4 21. cxb4 O-O 22. f5 Rxc1 23. Rxc1 Qa7+ 24. Kh1 d4 25. f6 Bxg2+ 26. Kxg2 Qb7+ 27. Kg3 Qd5 {[%emt 0:02:26] ...Ra8 is the strong threat.} 28. Re1 Nxe5 {[%emt 0:01:52] ( -> ...Qf3+)} 29. Qg5 Qf3+ {[%emt 0:00:14] Black mates.} 30. Kh4 Ng6+ 31. Kh5 Qh3+ 32. Qh4 Qxh4# {Weighted Error Value: White=0.60/Black=0.06 (flawless)} 0-1

[Event "26th Womens ECCC 2022"]
[Site "Mayrhofen"]
[Date "2022.10.03"]
[Round "1.22"]
[White "Kiolbasa, Oliwia"]
[Black "Belenkaya, Dina"]
[Result "1-0"]
[ECO "B12"]
[WhiteElo "2404"]
[BlackElo "2263"]
[Annotator "TA"]
[PlyCount "131"]
[EventDate "2022.10.03"]
[EventType "team-tourn"]
[EventCountry "AUT"]
[SourceTitle "playchess.com"]
[Source "ChessBase"]
[SourceQuality "1"]
[TimeControl "40/5400+30:1800+30"]

1. e4 c6 2. d4 d5 3. e5 c5 4. dxc5 e6 5. Nf3 Bxc5 6. Bd3 {[%emt 0:00:11] B12: Caro-Kann: Advance Variation.} Ne7 {[%emt 0:00:34] is recently more successful than 6...Nc6.} 7. Bf4 (7. O-O $142) 7... Qb6 $11 8. O-O {[%emt 0:01:09] The position is equal.} Qxb2 9. Nbd2 Ng6 10. Bg3 Nc6 {[%emt 0:00:30] [#]} 11. Nb3 $146 ({Predecessor:} 11. Re1 Qc3 12. Rb1 O-O 13. Rb3 Qa5 14. Rb5 Qa3 15. Nb1 Bxf2+ 16. Bxf2 Qxa2 17. Bc5 {1-0 (26) Chartier,A-Chery,E Paris 1993}) 11... Bb6 12. a4 {[%emt 0:05:19] aiming for Qd2.} Qc3 ({Don't do} 12... Ngxe5 13. Nxe5 Nxe5 14. Bb5+ Nc6 15. Re1 $11) 13. Re1 h6 14. h4 Qb4 ({Better is} 14... O-O $15) 15. a5 Bxa5 ({Much less strong is} 15... Nxa5 16. Nxa5 Bxa5 17. c3 Qxc3 18. Bxg6 $16) (15... Bc7 {seems wilder.} 16. c3 Qxc3 17. Nfd4 a6) 16. Nxa5 Nxa5 17. Bxg6 fxg6 18. Qd3 Nc6 19. Qxg6+ Kf8 20. Reb1 {[%emt 0:07:55][%mdl 1024] White has compensation.} Qc4 21. c3 Ne7 22. Qc2 Nf5 {[%emt 0:00:41] Against Nd4} 23. Rb4 $36 {[%emt 0:13:12][%mdl 2048] White is more active.} Qc5 24. Bh2 b6 25. Qb3 Bb7 (25... Kf7 {looks sharper.} 26. g4 Ne7 27. Rxb6 axb6 28. Rxa8 Rf8) 26. g4 Ne7 27. Nd4 Qc8 (27... Kf7 $11) 28. Nb5 {[%emt 0:00:15] White is much more active. The black rooks are badly placed. White stays focused until the end.} Kg8 (28... a5 $14 29. Rf4+ Kg8) 29. Rxa7 $16 {[%emt 0:02:50] And now Nd6 would win.} Rxa7 (29... d4 $16 30. Rxa8 Bxa8 31. Nxd4 Kf7) 30. Nxa7 $18 {[%emt 0:00:02][%mdl 64] [#] Discovered Attack} Qb8 (30... Qc7 {is tougher.}) 31. Rxb6 Qxa7 32. Rxb7 Qa1+ 33. Kg2 Kf7 {[%emt 0:01:35] [#]} 34. Rxe7+ $1 Kxe7 {[%emt 0:00:01][%mdl 4096] Endgame KQR-KQB} 35. Qb7+ Kf8 36. Qc8+ Kf7 37. Qxh8 Qxc3 (37... Qd1 $142 38. Qd8 Qxg4+ 39. Bg3 Qe4+ 40. Kg1 Qb1+ 41. Kh2 Qf5 42. Qd7+ Kf8) 38. Qd8 {[%emt 0:00:52] Intending Qd7+ and mate.} Qc6 {[%emt 0:00:11] Inhibits Qd7+.} 39. Qd6 Qb7 40. Bf4 d4+ 41. f3 Qb2+ 42. Kg3 Qc3 43. Qd7+ Kf8 44. Qb5 (44. Qd8+ $142 Kf7 45. Qd7+ Kf8 46. Qd6+ Kf7 47. Qd7+) 44... d3 45. Qb1 {[%emt 0:01:32] Against Qe1+} g5 46. hxg5 hxg5 47. Bxg5 Qxe5+ 48. Bf4 Qe2 49. Qc1 Kf7 50. Qd2 Qf1 51. Qf2 Qd1 52. Bd2 Qb1 53. Kg2 e5 54. Qe1 Qc2 55. Kg3 Qc7 56. Qe4 Qc2 57. Qe3 Qc7 58. Kf2 Qc2 59. Kg3 $2 (59. g5 {mates} Kg8 60. Kg3 Qc7 61. Qe4 Qc5 62. Qxd3 Kg7 63. Qd7+ Kg6 64. Qe6+ Kg7 65. Kg2) 59... Kf6 $2 (59... Qc7 $11 60. Qh6 Qc5 61. Qh7+ Kf8 62. Qxd3 Kg8) 60. g5+ {[%emt 0:02:19] White mates.} Kf7 61. Kh4 Qb1 62. Kg4 Qf1 63. Kf5 Qh3+ 64. Kxe5 Qd7 65. Ke4 Qb5 66. Qxd3 {[%emt 0:00:32] Weighted Error Value: White=0.27 (precise) /Black=0.49} 1-0

[Event "26th Womens ECCC 2022"]
[Site "Mayrhofen"]
[Date "2022.10.03"]
[Round "1.22"]
[White "Schloffer, Jasmin-Denise"]
[Black "Roebers, Eline"]
[Result "*"]
[ECO "B12"]
[WhiteElo "2086"]
[BlackElo "2352"]
[Annotator "TA"]
[PlyCount "31"]
[EventDate "2022.10.03"]
[EventType "team-tourn"]
[EventCountry "AUT"]
[SourceTitle "playchess.com"]
[Source "ChessBase"]
[SourceQuality "1"]
[TimeControl "40/5400+30:1800+30"]

1. e4 {[%emt 0:00:03] Lukacs,P} c6 2. d4 d5 3. e5 c5 4. dxc5 e6 5. Nf3 Bxc5 6. Bd3 {[%emt 0:00:11] B12: Caro-Kann: Advance Variation.} Ne7 {[%emt 0:00:34] is currently scoring better than 6...Nc6.} 7. Bf4 Qb6 8. O-O Qxb2 9. Nbd2 Ng6 {[%emt 0:00:34] [#] A balanced but interesting game.  Weighted Error Value: White=0.09 (flawless) /Black=0.01 (flawless)} {Predecessor:} 10. Bg3 $146 Qc3 11. Rb1 Bb6 12. Rb3 Qc5 13. Ng5 Nc6 14. Qh5 Ncxe5 15. Bxe5 Nxe5 16. Bb5+ {½-½ (31) Prasad,D (2421)-Prakash,G (2435) Guntur 2000 CBM 077 [Lukacs,P]} *

[Event "26th Womens ECCC 2022"]
[Site "Mayrhofen"]
[Date "2022.10.03"]
[Round "1.23"]
[White "Heinemann, Josefine"]
[Black "Schnegg, Anna-Lena"]
[Result "*"]
[ECO "C54"]
[WhiteElo "2318"]
[BlackElo "2154"]
[Annotator "RC"]
[PlyCount "21"]
[EventDate "2022.10.03"]
[EventType "team-tourn"]
[EventCountry "AUT"]
[SourceTitle "playchess.com"]
[Source "ChessBase"]
[SourceQuality "1"]
[TimeControl "40/5400+30:1800+30"]

1. e4 e5 2. Nf3 Nc6 3. Bc4 Bc5 4. c3 Nf6 5. d3 d6 6. Nbd2 a5 7. O-O O-O 8. h3 h6 9. Re1 Be6 10. Bb5 Nd7 11. Nf1 *

[Event "26th Womens ECCC 2022"]
[Site "Mayrhofen"]
[Date "2022.10.03"]
[Round "1.23"]
[White "Levitan, Ronit"]
[Black "Antolak, Julia"]
[Result "0-1"]
[ECO "C54"]
[WhiteElo "2024"]
[BlackElo "2315"]
[Annotator "RC"]
[PlyCount "90"]
[EventDate "2022.10.03"]
[EventType "team-tourn"]
[EventCountry "AUT"]
[SourceTitle "playchess.com"]
[Source "ChessBase"]
[SourceQuality "1"]
[TimeControl "40/5400+30:1800+30"]

1. e4 e5 2. Nf3 Nc6 3. Bc4 Bc5 4. c3 Nf6 5. d3 d6 6. Nbd2 a5 7. O-O O-O 8. h3 h6 9. Re1 Be6 10. Bb5 Nd7 11. Nf1 d5 12. exd5 Bxd5 13. Ne3 Bxe3 14. Bxe3 f5 15. c4 Bf7 16. Bxc6 bxc6 17. Qc2 Qf6 18. Bd2 Bh5 19. Nh2 Rfe8 20. Bc3 Qd6 21. f3 c5 22. Nf1 Bg6 23. Nd2 Nb8 24. Rad1 Nc6 25. Nf1 Re6 26. Ne3 Nd4 27. Qf2 f4 28. Nc2 Nf5 29. b3 Bh5 30. Bb2 Ra6 31. Ba3 Rc6 32. Kh2 Qe7 33. Re4 Rg6 34. d4 Rg3 35. Rd2 Rcg6 36. Rxe5 Qh4 37. Rxf5 Bxf3 38. Ne1 Bxg2 39. Qxg2 Rxg2+ 40. Rxg2 Rxg2+ 41. Nxg2 Qg3+ 42. Kg1 f3 43. Rxf3 Qxf3 44. Bxc5 Qxh3 45. d5 Qd3 0-1

[Event "26th Womens ECCC 2022"]
[Site "Mayrhofen"]
[Date "2022.10.03"]
[Round "1.24"]
[White "Cyfka, Karina"]
[Black "Orian, Noga"]
[Result "1-0"]
[ECO "B24"]
[WhiteElo "2347"]
[BlackElo "1940"]
[Annotator "TA"]
[PlyCount "63"]
[EventDate "2022.10.03"]
[EventType "team-tourn"]
[EventCountry "AUT"]
[SourceTitle "playchess.com"]
[Source "ChessBase"]
[SourceQuality "1"]
[TimeControl "40/5400+30:1800+30"]

1. e4 c5 2. Nc3 Nc6 3. Bb5 Nd4 4. Nf3 a6 5. Bd3 g6 6. Nxd4 {[%emt 0:02:04] B23: Closed Sicilian: Lines without g3.} cxd4 7. Ne2 d5 8. e5 (8. c3 $11) 8... Bg7 (8... f6 $5 ) 9. f4 Qb6 {[%emt 0:00:15] [#]} (9... f6 $1 {is more appropriate.}) 10. a4 $146 ({Predecessor:} 10. O-O Nh6 11. a4 f6 12. a5 Qc7 13. exf6 Bxf6 14. c3 Bf5 15. Bxf5 Nxf5 16. g4 {1-0 (37) Maze,S (2547)-Gandrud,V (2267) Helsingor 2013}) 10... f6 11. a5 Qa7 (11... Qc7 $5 ) 12. O-O fxe5 13. fxe5 Bxe5 14. b3 Bf5 (14... Qb8 $11 15. h3 Nf6) 15. Kh1 (15. Ba3 $14) 15... Bxd3 16. cxd3 Nf6 17. Ng1 {[%emt 0:01:02][%mdl 1024] White has compensation.} O-O 18. Qe2 Bd6 {[%emt 0:03:14] [#] And now ...e5 would win.} 19. Qe6+ Kh8 20. Bb2 {[%emt 0:01:41] Threatens to win with Ne2.} b5 $2 {[%emt 0:17:46] This move loses the game for Black.} (20... Qc5 $11) 21. Ne2 $18 Qc7 $2 (21... Bc5 22. Rac1 Kg7) 22. Rac1 Qxa5 23. Bxd4 {[%emt 0:00:13][%cal Rf1f6] Hoping for Rxf6.} Qxd2 $2 (23... Qd8 24. Rc6 (24. Qxd5 Ba3 $15) 24... Ba3) 24. Rxf6 {[%emt 0:02:31] White is clearly winning.} exf6 25. Bxf6+ Rxf6 26. Qxf6+ Kg8 27. Qxd6 Re8 28. Qxd5+ Kh8 {[%emt 0:00:31][%cal Od2c1] aiming for ...Qxc1+!} 29. Qd4+ Kg8 {[%emt 0:00:08] [#]} 30. Rc7 $1 Qe1+ 31. Ng1 Qe5 {[%emt 0:00:11] Against Qg7+} 32. Qd7 {[%emt 0:00:16] Weighted Error Value: White=0.20 (precise) /Black=0.39} 1-0

[Event "26th Womens ECCC 2022"]
[Site "Mayrhofen"]
[Date "2022.10.03"]
[Round "1.24"]
[White "Konecny, Sophie"]
[Black "Trippold, Denise"]
[Result "*"]
[WhiteElo "1848"]
[BlackElo "2146"]
[Annotator "TA"]
[PlyCount "28"]
[EventDate "2022.10.03"]
[EventType "team-tourn"]
[EventCountry "AUT"]
[SourceTitle "playchess.com"]
[Source "ChessBase"]
[SourceQuality "1"]
[TimeControl "40/5400+30:1800+30"]

1. e4 c5 2. Nc3 Nc6 3. Bb5 Nd4 4. Nf3 a6 5. Bd3 g6 6. Nxd4 {[%emt 0:02:04] B23: Closed Sicilian: Lines without g3.} cxd4 7. Ne2 d5 8. e5 {[%emt 0:09:06] [#] An uneventful encounter.  Weighted Error Value: White=0.00 (flawless) /Black=0.05 (flawless)} (8. exd5 $142 Qxd5 9. O-O) {Predecessor:} 8... Bg7 $146 9. f4 f6 10. exf6 Nxf6 11. O-O O-O 12. b3 Qd6 13. a4 Nh5 14. Ba3 Qc7 {½-½ (38) Motylev,A (2642)-Sjugirov,S (2661) Moscow 2021} *

[Event "26th Womens ECCC 2022"]
[Site "Mayrhofen"]
[Date "2022.10.03"]
[Round "1.25"]
[White "Ptacnikova, Lenka"]
[Black "Sukandar, Irine Kharisma"]
[Result "1/2-1/2"]
[ECO "A05"]
[WhiteElo "2055"]
[BlackElo "2401"]
[Annotator "TA"]
[PlyCount "129"]
[EventDate "2022.10.03"]
[EventType "team-tourn"]
[EventCountry "AUT"]
[SourceTitle "playchess.com"]
[Source "ChessBase"]
[SourceQuality "1"]
[TimeControl "40/5400+30:1800+30"]

1. Nf3 Nf6 2. g3 d5 3. Bg2 e6 4. d4 c5 5. c4 dxc4 6. Qa4+ Nbd7 7. O-O a6 8. dxc5 Bxc5 9. Qxc4 b5 {[%emt 0:01:03] E03: Open Catalan: 5 Qa4+ Nbd7 6 Qxc4.} 10. Qb3 (10. Qd3 $5 ) 10... Bb7 11. Nc3 O-O {[%emt 0:00:32] Black is slightly better.} 12. Bf4 b4 (12... Qb6 $15) 13. Na4 $11 {[%emt 0:01:23] [#]} Bd5 $146 ({Predecessor:} 13... Be7 14. Ne1 Bxg2 15. Nxg2 Qa5 16. Rfd1 Qh5 17. f3 Qb5 18. e4 Rac8 19. Rd2 g5 {0-1 (35) Dunkelblum,A-Porreca,G Dubrovnik 1950}) 14. Qd1 (14. Qc2 $5 ) 14... Be7 15. Rc1 Rc8 16. b3 Qa5 17. Nd2 Bxg2 18. Kxg2 Qd5+ 19. f3 e5 (19... Qb5 $11) 20. Be3 ({White should try} 20. Bg5 $14) 20... Ng4 (20... Qe6 $11) 21. Bg1 $14 Rxc1 22. Qxc1 {[%emt 0:00:04] [#] aiming for e4.} Bg5 23. Qc4 Qxd2 24. fxg4 Nf6 (24... Qxa2 $2 25. Bc5 Nxc5 26. Nxc5 $18) (24... Be7 $14) 25. Nc5 h6 26. Nxa6 (26. Rf3 $1 $14) 26... Nd5 (26... Qxa2 $11 27. Nxb4 Qa8+ 28. Qc6 Nxg4) 27. Nc5 (27. Bc5 $14) 27... Rc8 $11 28. Qd3 Qxd3 29. Nxd3 Rc2 (29... e4 $5 30. Ne5 Rc2 $15) 30. Kf3 Rxa2 31. Nxe5 Rb2 32. Ra1 Rxb3+ 33. Kg2 Ra3 34. Rd1 (34. Rb1 $11 {and White is okay.}) 34... Ne3+ $19 35. Bxe3 Rxe3 $17 {[%emt 0:00:03][%mdl 4096] Endgame KRB-KRN} ({Reject} 35... Bxe3 $6 36. Rd8+ Kh7 37. Nxf7 $11) 36. Nf3 Rxe2+ 37. Kf1 Rc2 {[%emt 0:01:30] And now ...b3 would win.} 38. Nxg5 hxg5 {[%emt 0:00:06] KR-KR} 39. Rd8+ Kh7 {[%emt 0:00:01] White must now prevent ...b3.} 40. Rb8 Rc4 41. h3 Rc3 42. Kf2 b3 43. Rb5 Rc2+ (43... Kg6 $19 {has better winning chances.} 44. h4 f6) 44. Kf3 {[%emt 0:00:00] [#]} b2 $1 45. h4 f6 ({Black should play} 45... gxh4 $17 {( -> ...h3)} 46. gxh4 Kh6) 46. hxg5 $11 {[%emt 0:00:00] The position is equal.} fxg5 47. Rb6 Kg8 48. Ke4 Kf7 49. Kf5 {[%emt 0:00:00] Inhibits g6+.} Ke7 50. Kxg5 Kd7 51. Rb3 Kc7 52. Kf5 Rf2+ 53. Kg5 Rd2 54. Kf5 Rf2+ 55. Kg5 Rg2 56. Kg6 Rxg3 57. Rxb2 Rxg4+ 58. Kf5 Rg1 59. Rd2 Kc6 60. Rd8 Kc5 61. Rd7 g6+ 62. Kf4 Kc4 63. Rd6 g5+ 64. Kf3 Re1 65. Kg4 {[%emt 0:00:20] Black had all chances to win.  Weighted Error Value: White=0.13 (very precise) /Black=0.14 (very precise)} 1/2-1/2

[Event "26th Womens ECCC 2022"]
[Site "Mayrhofen"]
[Date "2022.10.03"]
[Round "1.26"]
[White "Houska, Jovanka"]
[Black "Johannsdottir, Johanna Bjorg"]
[Result "1-0"]
[ECO "E18"]
[WhiteElo "2354"]
[BlackElo "1964"]
[Annotator "TA"]
[PlyCount "141"]
[EventDate "2022.10.03"]
[EventType "team-tourn"]
[EventCountry "AUT"]
[SourceTitle "playchess.com"]
[Source "ChessBase"]
[SourceQuality "1"]
[TimeControl "40/5400+30:1800+30"]

1. d4 Nf6 2. Nf3 e6 3. c4 b6 4. g3 Bb7 5. Bg2 Be7 6. O-O O-O 7. Nc3 Ne4 8. Bd2 f5 9. Rc1 Bf6 {[%emt 0:04:45] E18: Queen's Indian: Old Main Line (4 g3 Bb7 5 Bg2 Be7 6 0-0 0-0 7 Nc3).} 10. b4 Nc6 {[%emt 0:06:59][%csl LRb4,LRd4] [#]} 11. Be1 $146 ({Predecessor:} 11. d5 Nxd2 12. Qxd2 Nxb4 13. Nb5 Na6 14. Nfd4 Bxd4 15. Qxd4 Qf6 16. dxe6 Bxg2 17. Kxg2 dxe6 18. Qxf6 gxf6 {½-½ (25) Nazarenus,O (2165)-Ortinau,H Landau 1996}) 11... Ne7 {[%emt 0:07:35] The position is equal.} 12. Qb3 Rb8 13. e3 c5 14. Nxe4 Bxe4 15. dxc5 bxc5 16. b5 Qc7 17. Bc3 Qb7 18. Ne1 Bxg2 19. Nxg2 Ng6 20. Rfd1 Ne5 21. Bxe5 Bxe5 22. Rd3 Rf7 23. Rcd1 Bf6 24. Qa3 Qc7 25. Qc1 g5 26. Qd2 Rd8 27. Rd6 {[%emt 0:01:20] Prevents d5.} Qb7 (27... f4 $11) 28. Qe2 $16 Qe4 29. a4 Bc3 (29... Re7 $16) 30. f3 Qe5 31. R6d3 {[%emt 0:06:39] Against Bd4} (31. f4 $142 gxf4 32. Qh5) 31... Ba5 32. f4 $36 {[%emt 0:00:44][%mdl 2048] White has strong initiative.} gxf4 33. Nxf4 Qe4 {[%emt 0:00:29] White leaves nothing to chance now.} (33... d6 $142) 34. Rd6 Bc7 {[%emt 0:01:24] [#]} (34... Re7 $16) 35. Nxe6 $1 $18 Bxd6 (35... dxe6 36. Rxd8+) 36. Nxd8 Rf6 37. Qd3 {[%emt 0:02:42] And now Qxe4 would win.} Qg4 38. Qd5+ Kf8 {[%emt 0:01:44][%cal Od6g3] [#]} 39. Rd2 $1 {[%emt 0:01:31] Black must now prevent Nb7.} (39. Nb7 Bxg3 40. hxg3 Qxg3+ 41. Kf1 f4 42. Qxc5+ Kg8 $11) 39... f4 40. exf4 Bxf4 41. Rf2 (41. Qxd7 Be3+) (41. Qxc5+ $6 Ke8 42. Qd4 Qg6) 41... Ke7 42. Qxc5+ (42. Rxf4 Rxf4 43. Qe5+ Kxd8) (42. Nb7 $2 Be3 43. Nxc5 Bxf2+ $19) 42... Kxd8 43. Qd4 {[%emt 0:00:05][%mdl 64] Pin, Double Attack} ({Don't blunder} 43. Qxa7 $2 {[#]} Bxg3 $1 44. Qa8+ Bb8+ 45. Qg2 Qd1+ 46. Qf1 Qd4 $19) 43... Qe6 (43... Rf7 $142 44. Kh1 (44. Rxf4 Rxf4 45. Qxf4 Qd1+ 46. Qf1 Qxa4 $16) (44. Qxa7 Bxg3 45. hxg3 Qxg3+ 46. Kf1 Qd3+ 47. Kg1 Qg3+ 48. Rg2 Qe1+ 49. Kh2 Qh4+ 50. Kg1 Qe1+ 51. Kh2 Qh4+ 52. Kg1 Qe1+ $11) 44... Qg6) 44. Rxf4 {[%emt 0:00:16][%mdl 4096] Endgame KQR-KQR} Qe1+ 45. Kg2 Rxf4 46. Qxf4 {[%emt 0:00:50] KQ-KQ} ({Less strong is} 46. gxf4 Qe2+ 47. Kg3 Qe1+ 48. Kg2 Qe2+ 49. Kg3 Qe1+ 50. Kg4 Qe2+ 51. Kg3 $18) 46... Qe2+ 47. Kh3 Kc8 48. g4 {[%emt 0:00:54] Against Qh5+} Qe6 49. Qd4 Qf7 50. Kg3 h5 $2 (50... Qe6 51. Qxa7 Qe5+ 52. Kf3 Qc3+ 53. Qe3 Qxc4) 51. Qc5+ Kb8 52. gxh5 Qg7+ 53. Kf4 Qf6+ 54. Kg4 Qe6+ 55. Qf5 {[%emt 0:01:36] Threatening mate with Qxe6.} Qg8+ 56. Kf3 {[%emt 0:00:18] h6 is the strong threat.} Qg7 57. h6 Qc3+ 58. Kg4 {[%emt 0:00:08] Intending Qf4+ and mate.} Kc8 59. Qf8+ Kc7 60. h7 Qa1 61. h8=Q Qg1+ 62. Kh3 Qe3+ 63. Kg2 Qg5+ 64. Kh3 Qe3+ 65. Kg4 Qg1+ 66. Kf5 {[%emt 0:00:43][%csl Gh8][%cal Rf8b8] White mates.} Qf1+ 67. Kg6 Qg2+ 68. Kf7 Qf3+ 69. Kg8 Qg4+ 70. Qhg7 Qxc4+ 71. Qff7 {[%emt 0:00:05] Weighted Error Value: White=0.13 (very precise) /Black=0.29 (precise)} 1-0

[Event "26th Womens ECCC 2022"]
[Site "Mayrhofen"]
[Date "2022.10.03"]
[Round "1.27"]
[White "Thorsteinsdottir, Hallgerdur"]
[Black "Hunt, Harriet V"]
[Result "0-1"]
[ECO "B51"]
[WhiteElo "1959"]
[BlackElo "2359"]
[Annotator "TA"]
[PlyCount "176"]
[EventDate "2022.10.03"]
[EventType "team-tourn"]
[EventCountry "AUT"]
[SourceTitle "playchess.com"]
[Source "ChessBase"]
[SourceQuality "1"]
[TimeControl "40/5400+30:1800+30"]

1. e4 c5 2. Nf3 d6 3. Bb5+ Nd7 4. a4 a6 5. Be2 Ngf6 6. Nc3 {[%emt 0:00:42] B51: Sicilian: Moscow Variation (3 Bb5+) without 3...Bd7.} b6 7. d4 cxd4 8. Qxd4 {[%emt 0:02:05] The position is equal.} Bb7 9. O-O e6 10. Bg5 Qc7 {[%emt 0:14:53] [#]} 11. Nd2 $146 ({Predecessor:} 11. Rfd1 Be7 12. a5 b5 13. Bxf6 gxf6 14. Qe3 h5 15. Nd4 b4 16. Nb1 Ne5 17. Nd2 {0-1 (39) Heimrath,R (2146)-Quaschner,T (2086) Grossenseebach 2012}) 11... Qc5 12. Qxc5 bxc5 13. Rfe1 Be7 14. a5 (14. Bf4 $5 ) 14... h6 15. Bh4 Ne5 16. Bg3 Nfd7 17. f4 Nc6 18. Nc4 Nd4 19. Bd3 O-O 20. f5 e5 21. Ne3 Rab8 22. Ncd5 Bxd5 (22... Bg5 $14) 23. Nxd5 $16 Bd8 24. b3 (24. Bxa6 $6 Nxc2 25. Ra2 Ra8 $11) 24... c4 25. bxc4 (25. Bxc4 Nxc2 26. Rad1 Na3 $11) 25... Nc5 26. Bf2 Nxd3 (26... Re8 $142) 27. cxd3 Nc2 28. Nb6 $2 (28. Reb1 $16 Bxa5 29. Ba7 (29. Ne7+ Kh7 $16) 29... Rxb1+ 30. Rxb1) 28... Nxe1 29. Rxe1 Rb7 30. g4 Bg5 31. Rd1 Rfb8 32. Kg2 Bd8 33. Rb1 Bg5 (33... Ra8 $5 ) 34. Rd1 g6 35. h4 Bd8 36. Rb1 Kh7 37. Kf3 Kg7 38. Ke2 h5 39. g5 Bxb6 (39... f6 $11) 40. f6+ ({Inferior is} 40. Rxb6 Rxb6 41. Bxb6 Rc8 $17) (40. axb6 $16 f6 41. gxf6+ Kxf6 42. fxg6) 40... Kf8 $11 41. axb6 {[%emt 0:12:21][%mdl 4096] Endgame KRR-KRB} Ke8 $1 42. Ra1 Ra8 $1 43. Ra5 Kd7 44. c5 dxc5 45. Bxc5 Rc8 46. Be3 Rc2+ (46... Kd6 $11) 47. Kf3 (47. Kd1 $1 $16 Rh2 48. Rd5+ Kc8 49. Rxe5) 47... Rc3 48. Rxa6 Rxd3 49. Ra7 $2 (49. Kf2 $11) 49... Kc6 {[%emt 0:00:17] White must now prevent ...Rxa7.} 50. Ke2 (50. Ra6 $142 Rbd7 51. Ke2) 50... Rb3 $2 (50... Rxa7 $1 $19 {is more deadly.} 51. bxa7 Ra3) 51. Ra5 $2 (51. Ra2 $17) 51... Rb5 52. Ra8 Rb2+ $2 (52... Rd7 $1 $19 {and Black stays clearly on top. Strongly threatening ...Rb3.} 53. Ra3 Rb1) 53. Kf3 $17 Rb3 54. Ke2 $2 (54. Rc8+ $17 {nothing else works.} Kd7 55. Rf8 R7xb6 56. Rxf7+ Kd6 57. Ra7) 54... Rd7 $19 55. Rc8+ Kb7 56. Rc4 $2 (56. Rf8) 56... Rb5 (56... Rb2+ $142 57. Ke1 Rd3) 57. Ra4 $2 (57. Rc2 Rb4 58. Rc5 Rxe4 59. Kf3 Rxh4 60. Rxe5) 57... Rb2+ 58. Ke1 Kc6 {[%emt 0:00:27] Inhibits Bc5.} 59. Rc4+ Kb7 $2 (59... Kb5 $1 60. Rc8 Ka6 61. Ra8+ Kb7) 60. Ra4 Rh2 61. Bf2 (61. Ra7+ Kc6 62. Bf2 (62. Rxd7 Kxd7 63. Bf2 Rxf2 $19) 62... Rxa7 63. bxa7 Kb7 $19) 61... Rh1+ $1 62. Ke2 Rhd1 $2 (62... Rb1 $1 $19 {[%cal Rb1b2] Threatens to win with ...Rb2+.} 63. Ra7+ Kc6) 63. Be3 $2 (63. Ra7+ $11 {and White has nothing to worry.} Kb8 64. Bg3 R1d2+ 65. Ke1 Rd1+ 66. Ke2 R7d2+ 67. Kf3 Rd3+ 68. Kf2) 63... R1d6 $2 ({Black should try} 63... Rb1 $1 $19 {[%cal Rb1b2] And now ...Rb2+ would win.} 64. Ra7+ Kc6) 64. Ra5 $1 $11 Re6 65. Bf2 Kc6 66. Be3 Re8 67. Ra7 $2 (67. Rc5+ $11 Kd6 68. Rd5+ Ke6 69. Rc5) 67... Rxa7 $19 68. bxa7 {[%emt 0:00:05] KR-KB} Rd8 69. Bf2 Kb5 70. Be3 Ka6 71. Bf2 Kb7 72. Be3 $2 (72. Bg3) 72... Rd6 73. Bf2 $2 (73. Bg1) 73... Ra6 {[%emt 0:00:05] ...Ra3 is the strong threat.} 74. Be3 Ra3 75. Bc5 Rh3 76. Bf2 Rh2 {[%emt 0:00:05][%cal Oh2f2] ( -> ...Rxf2+!)} 77. Kf3 {[%emt 0:00:22] [#]} Rh3+ (77... Rxf2+ $142 $1 78. Kxf2 Kxa7) 78. Ke2 $1 Ra3 {[%emt 0:00:02] aiming for ...Rh3.} 79. Bc5 Ra2+ 80. Kf3 Kc6 (80... Ra5 $142 81. Bg1 Rxa7) 81. Be3 Kb7 $2 ({Black should play} 81... Kc7 $19 82. Bc5 Kb7) 82. Bf2 $2 {[%emt 0:00:26][%mdl 8192] [#]} (82. Bc5 $11) 82... Rxf2+ $1 {[%emt 0:00:53][%mdl 512] Black mates.} 83. Kxf2 Kxa7 {[%emt 0:00:02] KP-KP} 84. Ke2 Kb6 85. Kd2 Kb5 $1 86. Kd3 {[%emt 0:00:25] [#]} Kb4 $1 87. Kd2 Kc4 88. Ke3 {[%emt 0:00:26] [#]} Kc3 $1 {[%emt 0:00:06] Never resign too early!  Weighted Error Value: White=0.58/Black=0.53} 0-1